 Dungeon Crawl Stone Soup version 0.25-a0-1073-gf4359a17dd (webtiles) character file.

Game seed: 8217348980245271273, levelgen mode: classic

6 Amnesiac the Ogre Mage (level 1, 0/16 HPs)
             Began as an Ogre Wizard on May 14, 2020.
             Slain by a kobold (1 damage)
             ... on level 1 of the Dungeon.
             The game lasted 00:03:12 (176 turns).

Amnesiac the Ogre Mage (Ogre Wizard)                 Turns: 176, Time: 00:03:13

Health: 0/16       AC:  3    Str: 10    XL:     1   Next: 90%
Magic:  5/5        EV: 10    Int: 19    God:
Gold:   57         SH:  0    Dex:  7    Spells: 6/7 levels left

rFire    . . .     SeeInvis .   e - +0 short sword (holy)
rCold    . . .     Gourm    .   (no shield)
rNeg     . . .     Faith    .   a - +0 robe
rPois    .         Spirit   .   b - +0 hat
rElec    .         Reflect  .   (no cloak)
rCorr    .         Harm     .   (gloves unavailable)
MR       .....                  (boots unavailable)
Stlth    +.........             (no amulet)
HPRegen  0.05/turn              (no ring)
MPRegen  0.09/turn              (no ring)

@: no status effects
A: large, unfitting armour, tough skin 1
a: no special abilities


You were on level 1 of the Dungeon.
You were not hungry.

You visited 1 branch of the dungeon, and saw 3 of its levels.

You collected 57 gold pieces.

Inventory:

Hand Weapons
 e - a +0 short sword of holy wrath (weapon)
Armour
 a - a +0 robe (worn)
 b - a +0 hat (worn)
 f - a cursed +0 leather armour
Comestibles
 c - 2 chunks of flesh
 d - 2 rations


   Skills:
 - Level 1.7 Dodging
 - Level 1.4 Stealth
 + Level 3.8 Spellcasting
 * Level 1.4 Conjurations
   Level 0.8 Summonings
   Level 0.8 Translocations


You had 6 spell levels left.
You knew the following spells:

 Your Spells              Type           Power        Failure   Level  Hunger
a - Magic Dart            Conj           #...         8%          1    None

Your spell library contained the following spells:

 Spells                   Type           Power        Failure   Level  Hunger
 Blink                    Tloc           N/A          16%         2    ##.....
 Call Imp                 Summ           #.......     16%         2    ##.....
 Slow                     Hex            #.......     22%         2    ##.....
 Conjure Flame            Conj/Fire      #.......     32%         3    ###....
 Mephitic Cloud           Conj/Pois/Air  #.......     34%         3    ###....


Dungeon Overview and Level Annotations

Branches:
Dungeon (3/15)

Altars:


Innate Abilities, Weirdness & Mutations

You are too large for most types of armour.
You have tough skin. (AC +1)


Message History

You climb upwards.
There is a stone staircase leading down here.
Found a glowing leather armour.
Found a short sword.
The kobold shouts!
Found 8 gold pieces.
You see here a glowing leather armour.
f - a glowing leather armour
Okay, then.
Okay, then.
Okay, then.
There are no items here.
A kobold opens the door.
The kobold throws a stone.
The stone misses you.
You see here a stone.
A kobold comes into view. It is wielding a +0 short sword.
The kobold shouts!
Found a scroll labeled UCOM HOTAO.
The kobold hits you but does no damage.
You see here a stone.
You barely miss the kobold. The kobold closely misses you.
You closely miss the kobold. The kobold closely misses you.
You barely miss the kobold. The kobold barely misses you. The kobold hits you.
* * * LOW HITPOINT WARNING * * *
You hit the kobold.
The kobold is severely wounded.
The kobold completely misses you.
You closely miss the kobold.
The kobold is severely wounded.
The kobold closely misses you.
You closely miss the kobold.
The kobold is severely wounded.
The kobold closely misses you. The kobold barely misses you.
You closely miss the kobold.
The kobold is severely wounded.
The kobold closely misses you. The kobold hits you.
* * * LOW HITPOINT WARNING * * *
The kobold hits you with a +0 short sword.
* * * LOW HITPOINT WARNING * * *
You are too injured to fight recklessly!
You are too injured to fight recklessly!
The kobold closely misses you. The kobold barely misses you.
You are too injured to fight recklessly!
You are too injured to fight recklessly!
You hit the kobold but do no damage.
The kobold is severely wounded.
The kobold hits you but does no damage.
You barely miss the kobold.
The kobold is severely wounded.
The kobold hits you.
* * * LOW HITPOINT WARNING * * *
You barely miss the kobold.
The kobold is severely wounded.
The kobold hits you but does no damage.
You barely miss the kobold.
The kobold is severely wounded.
The kobold misses you.
You closely miss the kobold.
The kobold is moderately wounded.
The kobold hits you but does no damage.
You barely miss the kobold. The kobold hits you but does no damage.
You closely miss the kobold. The kobold hits you.
You die...

#..........# #..........#
#..........# ##...>...[##
###### ##.........# .#.....
#..........# ...####
#..........# ##..#....
#..........#######..#.....
#..........@KK..##.#######
#..........####....#.....#.
##......>.## ###..#...$.#.
##......## #..#.....#?
######## ##.#.)...#.
#.#.....## #.'######.
#(........ ##..##.#.


You could see 2 kobolds.

Vanquished Creatures
  An ooze (D:1)
  A frilled lizard (D:1)
  A rat (D:2)
3 creatures vanquished.

Notes
Turn   | Place    | Note
-------+----------+-------------------------------------------
     0 | D:1      | Amnesiac the Ogre Wizard began the quest for the Orb.
     0 | D:1      | Reached XP level 1. HP: 16/16 MP: 5/5
    30 | D:1      | Reached skill level 1 in Conjurations
   176 | D:1      | Slain by a kobold

Illustrated notes

Levels and vault maps discovered:
D:1:      dpeg_arrival_shrine, layout_rooms, minmay_3d_cube
D:2:      layout_rooms, okawaru_trees_1
D:3:      layout_loops_ring, zin_treasury, lemuel_crystal_altar

Skill      XL: |  1 |
---------------+----+-----
Conjurations   | 1 |  1.4
Dodging        | |  1.7
Stealth        | |  1.4
Spellcasting   | |  3.8
Summonings     | |  0.8
Translocations | |  0.8

Action                   || total
-------------------------++-------
Melee: Short sword       ||    14
       Unarmed           ||     4
 Cast: Magic Dart        ||    11
Armor: Robe              ||     6
Dodge: Dodged            ||    16

Table legend:
 A = Non-vault XP
 B = Vault XP
 C = Vault XP percentage of total XP
 D = Non-vault monster count
 E = Vault monster count
 F = Vault count percentage of total count
                 A         B        C        D         E       F
            +---------+---------+-------+---------+---------+-------
      Total |       9 |       0 |   0.0 |       3 |       0 |   0.0
            +---------+---------+-------+---------+---------+-------
        D:1 |       8 |       0 |   0.0 |       2 |       0 |   0.0
        D:2 |       1 |       0 |   0.0 |       1 |       0 |   0.0
            +---------+---------+-------+---------+---------+-------
